 Dungeon Crawl Stone Soup version 0.20.1-1-g8b1a95d (webtiles) character file.

8580 letownia2 the Reanimator (level 11, 93/97 HPs)
             Began as a Deep Dwarf Necromancer on Dec 18, 2017.
             Was an Initiate of Gozag.
             Quit the game on level 10 of the Dungeon.
             The game lasted 00:25:31 (9590 turns).

letownia2 the Reanimator (Deep Dwarf Necromancer)   Turns: 9590, Time: 00:25:31

Health: 93/97      AC:  7    Str: 13    XL:     11   Next: 11%
Magic:  23/23      EV: 11    Int: 18    God:    Gozag
Gold:   143        SH:  0    Dex: 16    Spells: 22/26 levels left

rFire    + . .     SeeInvis .   b - +1 broad axe
rCold    . . .     Gourm    .   (no shield)
rNeg     . . .     Faith    .   k - +0 ring mail
rPois    .         Spirit   .   s - +0 helmet
rElec    +         Reflect  .   (no cloak)
rCorr    .         Harm     .   L - +0 pair of gloves
MR       .....                  (no boots)
Stlth    ++........             (no amulet)
Regen    0.0/turn               h - +3 ring of dexterity
MPRegen  0.2/turn               o - ring of the Several Orbs {rElec rF+}

@: vulnerable, non-regenerating
A: damage resistance, heal wounds, sense surroundings 2, no regeneration
a: Heal Wounds, Potion Petition, Call Merchant, Bribe Branch, Renounce Religion


You were on level 10 of the Dungeon.
You worshipped Gozag.
Gozag was aware of your devotion.
You were full.

You visited 2 branches of the dungeon, and saw 11 of its levels.

You collected 1904 gold pieces.
You paid 1761 gold pieces to Gozag.

Inventory:

Hand Weapons
 a - a +2 whip of flaming
 b - a +1 broad axe (weapon)
 d - a +1 arbalest of velocity
 A - a +0 war axe
 D - a +0 blowgun
 J - a +0 battleaxe
Missiles
 r - 11 tomahawks (quivered)
 w - 107 bolts
 B - a throwing net
Armour
 k - a +0 ring mail (worn)
 s - a +0 helmet (worn)
 L - a +0 pair of gloves (worn)
Jewellery
 h - a +3 ring of dexterity (left hand)
 o - the ring of the Several Orbs (right hand) {rElec rF+}
   (You found it on level 7 of the Dungeon)

   [ring of protection from fire]

   It protects you from fire.
   It insulates you from electricity.
Wands
 f - a wand of scattershot (3/9)
 m - a wand of paralysis (12/24)
 t - a wand of polymorph (15/24)
 v - a wand of polymorph (17/24)
 C - a wand of disintegration (13/24)
 H - a wand of disintegration (12/24)
 I - a wand of confusion (18/48)
Scrolls
 g - 2 scrolls of recharging
 i - 4 scrolls of identify
 l - 5 scrolls of enchant weapon
 n - a scroll of amnesia
 p - 2 scrolls of remove curse
 q - 2 scrolls of teleportation
Potions
 e - 7 potions of curing {unknown}
 j - 4 potions of flight {unknown}
 x - a potion of brilliance
 z - a potion of haste
 G - a potion of lignification
Books
 F - a book of Necromancy

   Spells                             Type                      Level
   a - Pain                           Necromancy                   1
   b - Animate Skeleton               Necromancy                   1
   c - Vampiric Draining              Necromancy                   3
   d - Regeneration                   Charms/Necromancy            3
   e - Animate Dead                   Necromancy                   4
   f - Control Undead                 Necromancy                   4
Miscellaneous
 M - a lightning rod (4/4)
Comestibles
 c - 6 bread rations
 N - 14 fruits
 O - a royal jelly
 P - 3 meat rations


   Skills:
 - Level 5.8 Fighting
 - Level 4.6 Axes
 - Level 2.6 Armour
 - Level 2.1 Dodging
 - Level 2.4 Stealth
 - Level 8.3 Spellcasting
 * Level 12.6 Necromancy
 - Level 4.9 Evocations


You had 22 spell levels left.
You knew the following spells:

 Your Spells              Type           Power        Failure   Level  Hunger
a - Pain                  Necr           ####         1%          1    None
v - Vampiric Draining     Necr           ######....   1%          3    None


Dungeon Overview and Level Annotations

Branches:
Dungeon (10/15)            Temple (1/1) D:4            Lair (0/6) D:9
    Orc: D:9-12

Altars:
Cheibriados
Fedhas
Gozag
Kikubaaqudgha
Ru
Trog
Uskayaw
Vehumet
Xom
Zin
The Shining One

Shops:
D:5 =   D:10 [*

Annotations:
D:2 exclusion: 2 worms
D:3 1 exclusion
D:6 DIG


Innate Abilities, Weirdness & Mutations

You are resistant to damage.
You can heal yourself by infusing magical energy.
You passively map the area around you.
You do not regenerate.


Message History

Forget which spell ([?*] list [ESC] exit)?
Forget which spell ([?*] list [ESC] exit)?
Okay, then.
As you read the scroll labeled ARHAAH YKHLATOFF, it crumbles to dust.
You feel strangely unstable.
It was a scroll of teleportation.
As you read the scroll labeled KAD RIBOJ VOAC, it crumbles to dust.
The air around you briefly surges with heat, but it dissipates.
It was a scroll of immolation.
Unknown command.
As you read the scroll labeled UMUAMEI BAEFI, it crumbles to dust.
You hear a voice calling someone else's name.
It was a scroll of random uselessness.
As you read the scroll labeled EHENITU EFY, it crumbles to dust.
Magic quickly surges around you.
It was a scroll of vulnerability.
Your surroundings suddenly seem different.
Unknown command.
As you read the scroll labeled ZEANLY PEMMYSH, it crumbles to dust.
You assume a fearsome visage.
Nothing appears to happen.
It was a scroll of fear.
Are you sure you want to abandon this character and quit the game? (Confirm with "yes".)

#........#.....#......#....#.
#........#.....#......#....##
#........#.....#......#....#.
##########.....#......#....#.
#..............#......#....#.
#..............#......#....#.
#..............#......#....#.
#..............#......#....#.
#...........@..#......#....#.
#..............###'####....##
#.............)#(..........#.
#.............('(....(.....#.
#..............#.(.........#.
################......#....#.
#..............########....#.
#.................[...#....#.
#.........).(.........#....#.


There were no monsters in sight!

Vanquished Creatures
  A hydra (D:9)
  A centaur warrior (D:9)
  3 two-headed ogres
  A gargoyle (D:8)
  A troll (D:9)
  Prince Ribbit (D:7)
  2 dream sheep (D:9)
  A wyvern (D:8)
  A hungry ghost (D:9)
  2 yaks (D:9)
  2 wargs (D:9)
  A water moccasin (D:8)
  4 orc warriors
  A phantom (D:8)
  3 sky beasts
  3 ogres
  3 centaurs
  A crocodile (D:8)
  4 big kobolds
  4 bullfrogs
  2 scorpions
  4 killer bees (D:9)
  4 crimson imps
  6 hounds
  A quasit (D:9)
  A jelly (D:10)
  11 orc wizards
  2 centaur skeletons
  2 orc priests
  A bullfrog skeleton (D:10)
  An iguana (D:4)
  5 worker ants
  A worker ant zombie (D:7)
  A howler monkey zombie (D:7)
  7 gnolls
  11 adders
  A shadow imp (D:10)
  2 oozes
  An adder zombie (D:7)
  4 dart slugs
  6 leopard geckos
  26 orcs
  4 giant cockroaches
  7 goblins
  8 hobgoblins
  5 jackals
  11 kobolds
  A quokka (D:2)
  3 ball pythons
  A ball python zombie (D:5)
  7 bats
  7 frilled lizards
  7 rats
201 creatures vanquished.

Vanquished Creatures (others)
  A human (D:10)
1 creature vanquished.

Grand Total: 202 creatures vanquished

Notes
Turn   | Place    | Note
-------+----------+-------------------------------------------
     0 | D:1      | letownia2 the Deep Dwarf Necromancer began the quest for the Orb.
     0 | D:1      | Reached XP level 1. HP: 15/15 MP: 3/3
   359 | D:1      | Reached XP level 2. HP: 22/22 MP: 3/5
   481 | D:3      | Found a bloodstained altar of Trog.
   998 | D:3      | Reached skill level 5 in Necromancy
  1062 | D:4      | Noticed a scorpion
  1140 | D:3      | Reached XP level 3. HP: 11/28 MP: 1/6
  1166 | D:3      | Learned a level 3 spell: Vampiric Draining
  1248 | D:4      | Found a staircase to the Ecumenical Temple.
  1262 | Temple   | Entered the Ecumenical Temple
  1268 | Temple   | Became a worshipper of Gozag Ym Sagoz the Greedy
  1514 | D:3      | Noticed a wizard
  1559 | D:3      | Reached XP level 4. HP: 18/36 MP: 3/7
  1992 | D:4      | Noticed an ogre
  2107 | D:4      | Reached skill level 6 in Necromancy
  2107 | D:4      | Reached XP level 5. HP: 28/42 MP: 0/9
  3333 | D:1      | Reached skill level 7 in Necromancy
  3679 | D:4      | Reached skill level 1 in Fighting
  3679 | D:4      | Reached XP level 6. HP: 35/51 MP: 2/10
  3936 | D:5      | Entered Level 5 of the Dungeon
  3971 | D:5      | Found Hacyjinn's Jewellery Boutique.
  4052 | D:5      | Reached skill level 1 in Armour
  4124 | D:5      | Reached XP level 7. HP: 20/61 MP: 2/12
  4221 | D:5      | Found a sacrificial altar of Ru.
  4987 | D:6      | Reached skill level 1 in Evocations
  5606 | D:6      | Reached XP level 8. HP: 35/68 MP: 3/15
  5770 | D:7      | Got a slimy marble ring
  5808 | D:7      | Reached skill level 5 in Spellcasting
  5875 | D:7      | Found a glowing golden altar of the Shining One.
  6132 | D:7      | Noticed Prince Ribbit
  6200 | D:7      | Killed Prince Ribbit
  6369 | D:7      | Identified the ring of the Several Orbs {rElec rF+} (You found it on level 7 of the Dungeon)
  6467 | D:8      | Found a bloodstained altar of Trog.
  6525 | D:8      | Noticed a gargoyle
  6533 | D:8      | Killed a gargoyle
  6533 | D:8      | Reached skill level 8 in Necromancy
  6533 | D:8      | Gained mutation: You passively map the area around you. [Deep Dwarf growth]
  6533 | D:8      | Reached XP level 9. HP: 29/74 MP: 19/19
  6607 | D:8      | Reached skill level 1 in Axes
  6801 | D:8      | Noticed a two-headed ogre
  6829 | D:8      | Killed a two-headed ogre
  6829 | D:8      | Reached skill level 9 in Necromancy
  6976 | D:8      | Found a glowing silver altar of Zin.
  6976 | D:8      | Found a radiant altar of Vehumet.
  6976 | D:8      | Found a shimmering altar of Xom.
  6976 | D:8      | Found a snail-covered altar of Cheibriados.
  6984 | D:8      | Found a blossoming altar of Fedhas.
  6988 | D:8      | Found a hide-covered altar of Uskayaw.
  7079 | D:8      | Noticed a two-headed ogre
  7089 | D:8      | Killed a two-headed ogre
  7117 | D:8      | Reached XP level 10. HP: 41/82 MP: 22/22
  7602 | D:9      | Reached skill level 10 in Necromancy
  8045 | D:9      | Found a staircase to the Lair.
  8261 | D:9      | Reached skill level 11 in Necromancy
  8338 | D:9      | Noticed a centaur warrior
  8352 | D:9      | Killed a centaur warrior
  8352 | D:9      | Reached skill level 5 in Fighting
  8475 | D:9      | Noticed a two-headed hydra
  8486 | D:9      | Killed a two-headed hydra
  8486 | D:9      | Reached skill level 12 in Necromancy
  8738 | D:10     | Entered Level 10 of the Dungeon
  8865 | D:10     | Noticed a two-headed ogre
  8895 | D:10     | Killed a two-headed ogre
  8895 | D:10     | Reached XP level 11. HP: 74/97 MP: 20/23
  9522 | D:10     | Found an ancient bone altar of Kikubaaqudgha.
  9590 | D:10     | Quit the game

Skill      XL: |  1  2  3  4  5  6  7  8  9 10 |
---------------+-------------------------------+-----
Spellcasting   | 2 3 4 7 8 |  8.3
Necromancy     | 5 6 7 8 9 12 | 12.6
Fighting       | 1 2 5 |  5.8
Armour         | 1 2 |  2.6
Evocations     | 4 |  4.9
Axes           | 4 |  4.6
Dodging        | |  2.1
Stealth        | |  2.4

Action                   |  1- 3 |  4- 6 |  7- 9 | 10-12 || total
-------------------------+-------+-------+-------+-------++-------
Melee: Dagger            |     8 |    14 |       |       ||    22
       Whip              |       |    18 |    96 |    64 ||   178
       Broad axe         |       |       |    42 |    27 ||    69
 Fire: Arbalest          |       |       |       |     9 ||     9
Throw: Tomahawk          |       |     1 |     5 |       ||     6
 Cast: Pain              |    52 |   105 |    66 |     8 ||   231
       Vampiric Draining |     2 |    15 |    51 |    92 ||   160
Invok: Call Merchant     |       |       |       |     2 ||     2
Evoke: Wand              |     2 |       |     9 |    12 ||    23
  Use: Scroll            |     2 |       |     4 |    10 ||    16
 Stab: Paralysed         |     1 |       |       |       ||     1
       Sleeping          |       |       |     1 |     1 ||     2
       Distracted        |       |       |     1 |       ||     1
       Confused          |       |       |     1 |     3 ||     4
  Eat: Chunk             |     3 |       |       |       ||     3
       Meat ration       |       |     2 |       |       ||     2
       Royal jelly       |       |       |     3 |     4 ||     7
       Fruit             |       |       |     8 |       ||     8
       Bread ration      |       |       |       |     1 ||     1
Armor: Robe              |     3 |       |       |       ||     3
       Ring mail         |     7 |    24 |    60 |    45 ||   136
Dodge: Dodged            |    15 |    44 |   142 |    74 ||   275
